[Event "EYCC G10-ch 2024"]
[Site "Prague"]
[Date "2024.08.22"]
[Round "1.1"]
[White "Rosset, Anna"]
[Black "Smilic, Nina"]
[Result "0-1"]
[ECO "B50"]
[WhiteElo "1811"]
[BlackElo "1515"]
[Annotator "NA RC"]
[PlyCount "69"]
[EventDate "2024.08.19"]
[EventType "swiss"]
[EventCountry "CZE"]
[SourceTitle "playchess.com"]
[Source "ChessBase"]
[SourceQuality "1"]
[TimeControl "5400+30"]

1. e4 c5 2. Nf3 d6 3. c3 Nf6 4. h3 Nc6 5. Bd3 e5 6. Bc2 g6 7. O-O Bg7 8. Re1 O-O 9. a4 d5 10. d3 h6 11. Na3 Re8 12. Bd2 Be6 13. exd5 Nxd5 14. Nc4 Bf5 15. Be3 Nxe3 16. Rxe3 Qc7 17. Nh4 Be6 18. Nd2 Rad8 19. Qe2 h5 20. Ne4 Qe7 21. g3 Bxh3 22. Kh2 Be6 23. Qf3 Bd5 24. Qd1 f5 25. Nd2 Qf6 26. Bb3 Bxb3 27. Qxb3+ Qf7 28. Nxg6 Bh6 29. Re2 Bxd2 30. Qxf7+ Kxf7 31. Nxe5+ Nxe5 32. Rxd2 Nf3+ 33. Kg2 Nxd2 34. Rh1 Kg6 35. Rd1 0-1

[Event "EYCC G10-ch 2024"]
[Site "Prague"]
[Date "2024.08.22"]
[Round "1.2"]
[White "Isakhanyan, Nare"]
[Black "Rzadkowska, Lila"]
[Result "1/2-1/2"]
[ECO "E21"]
[WhiteElo "1512"]
[BlackElo "1794"]
[Annotator "NA RC"]
[PlyCount "84"]
[EventDate "2024.08.19"]
[EventType "swiss"]
[EventCountry "CZE"]
[SourceTitle "playchess.com"]
[Source "ChessBase"]
[SourceQuality "1"]
[TimeControl "5400+30"]

1. d4 Nf6 2. c4 e6 3. Nc3 Bb4 4. Nf3 d5 5. cxd5 exd5 6. Bg5 h6 7. Bh4 g5 8. Bg3 Ne4 9. Qb3 Nc6 10. e3 a5 11. Bb5 Be6 12. Ne5 O-O 13. Bxc6 bxc6 14. Nxc6 Bxc3+ 15. bxc3 Qe8 16. Ne5 f6 17. Nf3 Qe7 18. Qc2 Bf5 19. Qb3 Rfd8 20. O-O Bg4 21. Qc2 Bf5 22. Qb3 Rab8 23. Qa4 Nxc3 24. Qxa5 Ne2+ 25. Kh1 Nxg3+ 26. hxg3 Qd7 27. Rfc1 c6 28. Qc5 Rdc8 29. a4 Be4 30. Kg1 Rb2 31. Qc3 Qb7 32. a5 Rb3 33. a6 Rxc3 34. axb7 Rxc1+ 35. Rxc1 Rb8 36. Rxc6 Rxb7 37. Rxf6 Kg7 38. Rc6 Rb1+ 39. Kh2 Rb2 40. Kg1 Rb1+ 41. Kh2 Rb2 42. Kg1 Rb1+ 1/2-1/2

[Event "EYCC G10-ch 2024"]
[Site "Prague"]
[Date "2024.08.22"]
[Round "1.3"]
[White "Wang, Yi Xuan"]
[Black "Babazade, Khadija"]
[Result "1/2-1/2"]
[ECO "D35"]
[WhiteElo "1734"]
[BlackElo "1509"]
[Annotator "NA RC"]
[PlyCount "80"]
[EventDate "2024.08.19"]
[EventType "swiss"]
[EventCountry "CZE"]
[SourceTitle "playchess.com"]
[Source "ChessBase"]
[SourceQuality "1"]
[TimeControl "5400+30"]

1. d4 d5 2. c4 e6 3. Nc3 Nf6 4. cxd5 exd5 5. Bg5 Nbd7 6. e3 Be7 7. Qc2 O-O 8. Bd3 c6 9. Nf3 Re8 10. O-O Nf8 11. Ne5 Ng4 12. Bxe7 Qxe7 13. Nxg4 Bxg4 14. Rab1 Qg5 15. Rfe1 Bf3 16. Bf1 Re6 17. e4 Rg6 18. g3 Ne6 19. exd5 cxd5 20. Qd3 Qh5 21. Re5 Qg4 22. h3 Qf4 23. Bg2 Bxg2 24. Kxg2 Qxe5 25. Qxg6 Qxd4 26. Qf5 Rc8 27. Rd1 Qf6 28. Qxf6 gxf6 29. Nxd5 Kg7 30. Ne3 Rc7 31. f4 b6 32. Nf5+ Kf8 33. Ne3 Kg7 34. h4 Kf8 35. f5 Nc5 36. Rd8+ Kg7 37. h5 Rd7 38. h6+ Kxh6 39. Rg8 Ne4 40. Ng4+ Kh5 1/2-1/2

[Event "EYCC G10-ch 2024"]
[Site "Prague"]
[Date "2024.08.22"]
[Round "1.4"]
[White "Topencikova, Ellen"]
[Black "Bakhshi, Rana"]
[Result "0-1"]
[ECO "B52"]
[WhiteElo "1501"]
[BlackElo "1732"]
[Annotator "NA RC"]
[PlyCount "62"]
[EventDate "2024.08.19"]
[EventType "swiss"]
[EventCountry "CZE"]
[SourceTitle "playchess.com"]
[Source "ChessBase"]
[SourceQuality "1"]
[TimeControl "5400+30"]

1. e4 c5 2. Nf3 d6 3. Bb5+ Bd7 4. Bxd7+ Qxd7 5. O-O Nc6 6. c3 Nf6 7. Re1 e6 8. d4 cxd4 9. cxd4 d5 10. exd5 Nxd5 11. a3 Be7 12. Nc3 Rd8 13. Nxd5 Qxd5 14. Be3 g5 15. h3 h5 16. Nh2 f5 17. Bd2 g4 18. Re3 Qxd4 19. Nf1 gxh3 20. Rxh3 Kf7 21. Rxh5 Bc5 22. Qf3 Qxf2+ 23. Qxf2 Bxf2+ 24. Kxf2 Rxh5 25. Be3 Ne5 26. Bxa7 Nd3+ 27. Ke2 e5 28. g3 e4 29. Ne3 Rh2+ 30. Kf1 Rh1+ 31. Ke2 Rxa1 0-1

[Event "EYCC G10-ch 2024"]
[Site "Prague"]
[Date "2024.08.22"]
[Round "1.5"]
[White "Chen, Yuefan"]
[Black "Karabas, Beren Nisa"]
[Result "1-0"]
[ECO "D10"]
[WhiteElo "1682"]
[BlackElo "1494"]
[Annotator "NA RC"]
[PlyCount "207"]
[EventDate "2024.08.19"]
[EventType "swiss"]
[EventCountry "CZE"]
[SourceTitle "playchess.com"]
[Source "ChessBase"]
[SourceQuality "1"]
[TimeControl "5400+30"]

1. d4 d5 2. c4 c6 3. cxd5 cxd5 4. Nc3 Nf6 5. Bf4 Nc6 6. e3 a6 7. Qb3 e6 8. a3 Nh5 9. Bg3 Nxg3 10. hxg3 Bd6 11. Bd3 h6 12. Nh3 Na5 13. Qc2 b5 14. Nf4 Bxf4 15. gxf4 Bb7 16. f5 Qe7 17. fxe6 Qxe6 18. Rc1 Qg4 19. Kf1 O-O 20. Rh3 Rfe8 21. Kg1 Rad8 22. f4 Qe6 23. Rf1 Qf6 24. Rff3 Bc8 25. Rhg3 Nc6 26. Ne2 Ne7 27. f5 Kh8 28. Nf4 Qc6 29. Qb1 Rd6 30. Nh5 Rg8 31. Rf4 g6 32. fxg6 fxg6 33. Rf7 Nf5 34. Rf3 Qe8 35. Rc7 Rc6 36. Rxc6 Qxc6 37. Nf4 Qd6 38. Qf1 Nh4 39. Rf2 Bf5 40. Bxf5 Nxf5 41. Nxg6+ Qxg6 42. Rxf5 Qg3 43. Rf3 Qg5 44. Qf2 Qg6 45. Rf6 Qg5 46. Rxa6 Rc8 47. Qf6+ Qxf6 48. Rxf6 Rc1+ 49. Kh2 Kg7 50. Rb6 Re1 51. Rxb5 Rxe3 52. Rxd5 Rb3 53. Rd7+ Kg6 54. d5 Kf6 55. d6 Ke6 56. Rh7 Kxd6 57. Rxh6+ Kd5 58. Rh5+ Kd4 59. Rh4+ Kc5 60. Rb4 Re3 61. b3 Kc6 62. g3 Rd3 63. Kh3 Re3 64. Kh4 Re1 65. g4 Rh1+ 66. Kg5 Rg1 67. Kf5 Rf1+ 68. Rf4 Rb1 69. Rf3 Kd6 70. g5 Rg1 71. g6 Ke7 72. b4 Kf8 73. Kf6 Kg8 74. Rf5 Rg3 75. a4 Rg4 76. Rb5 Rf4+ 77. Kg5 Rf2 78. Rb8+ Kg7 79. Rb7+ Kg8 80. g7 Kh7 81. a5 Rg2+ 82. Kf5 Re2 83. a6 Ra2 84. a7 Ra3 85. Kf6 Rf3+ 86. Ke6 Re3+ 87. Kd6 Rd3+ 88. Kc6 Rc3+ 89. Kb6 Ra3 90. Rb8 Kxg7 91. a8=Q Rxa8 92. Rxa8 Kf6 93. Kc7 Ke5 94. b5 Kd5 95. b6 Kc5 96. b7 Kd5 97. b8=Q Ke4 98. Qb5 Kd4 99. Ra4+ Kc3 100. Kc6 Kc2 101. Rd4 Kc1 102. Qc5+ Kb2 103. Rb4+ Ka3 104. Qa5# 1-0

[Event "EYCC G10-ch 2024"]
[Site "Prague"]
[Date "2024.08.22"]
[Round "1.6"]
[White "Trzcinska, Weronika"]
[Black "Hatuk, Neris"]
[Result "0-1"]
[ECO "B10"]
[WhiteElo "1490"]
[BlackElo "1671"]
[Annotator "NA RC"]
[PlyCount "112"]
[EventDate "2024.08.19"]
[EventType "swiss"]
[EventCountry "CZE"]
[SourceTitle "playchess.com"]
[Source "ChessBase"]
[SourceQuality "1"]
[TimeControl "5400+30"]

1. e4 c6 2. Nc3 d5 3. exd5 cxd5 4. d4 Nc6 5. Nf3 Bf5 6. Bd3 Bxd3 7. Qxd3 Nf6 8. a3 e6 9. Bf4 Bd6 10. Bxd6 Qxd6 11. h3 O-O 12. O-O Rfe8 13. Rfe1 Rad8 14. Rad1 a6 15. Na4 Ne4 16. Nd2 Nxd2 17. Qxd2 e5 18. Nc5 Nxd4 19. c3 Nf3+ 20. gxf3 Qxc5 21. Qg5 f6 22. Qg4 b5 23. Rd2 Qc6 24. Red1 Rf8 25. Qb4 f5 26. Qe7 e4 27. fxe4 fxe4 28. Qg5 Rd6 29. Kf1 Rg6 30. Qe5 Qd7 31. Qh5 e3 32. Re2 exf2 33. Rxf2 Rxf2+ 34. Kxf2 Qf7+ 35. Qf3 Rf6 36. Rd3 Rxf3+ 37. Rxf3 Qg6 38. Re3 Qf5+ 39. Kg2 Qc2+ 40. Kf3 Qxb2 41. Re8+ Kf7 42. Ra8 Qxc3+ 43. Kg2 Qxa3 44. Rd8 b4 45. Rd7+ Ke6 46. Rb7 b3 47. Kf2 b2 48. Ke2 Qa2 49. Kd3 b1=Q+ 50. Rxb1 Qxb1+ 51. Kd4 Qe4+ 52. Kc5 Qc4+ 53. Kb6 Qb5+ 54. Ka7 Kd7 55. Ka8 Kc7 56. Ka7 Qb7# 0-1

[Event "EYCC G10-ch 2024"]
[Site "Prague"]
[Date "2024.08.22"]
[Round "1.7"]
[White "Nguyen Doan, Bao Anh Angelina"]
[Black "Mammadova, Maryam"]
[Result "1/2-1/2"]
[ECO "B34"]
[WhiteElo "1659"]
[BlackElo "1489"]
[Annotator "NA RC"]
[PlyCount "105"]
[EventDate "2024.08.19"]
[EventType "swiss"]
[EventCountry "CZE"]
[SourceTitle "playchess.com"]
[Source "ChessBase"]
[SourceQuality "1"]
[TimeControl "5400+30"]

1. e4 c5 2. Nf3 Nc6 3. d4 cxd4 4. Nxd4 Nf6 5. Nc3 e5 6. Ndb5 d6 7. Nd5 a6 8. Nbc7+ Kd7 9. Nxa8 Nxd5 10. Qxd5 Ke8 11. Be3 Be6 12. Qd2 Qxa8 13. Be2 Be7 14. O-O h5 15. f4 Qd8 16. f5 Bd7 17. Bc4 Kf8 18. Qd5 Be8 19. a3 h4 20. Qd1 h3 21. g4 b5 22. Bd5 Nb8 23. Qf3 Nd7 24. Rad1 Nf6 25. Qg3 Nxd5 26. exd5 Bh4 27. Qf3 Bg5 28. Bxg5 Qxg5 29. Rfe1 f6 30. Re4 Rh4 31. Kf2 Rh8 32. b3 Bd7 33. c4 Kf7 34. cxb5 axb5 35. Qe3 Qh4+ 36. Ke2 Rc8 37. Rc1 Rxc1 38. Qxc1 Bxf5 39. Re3 Qxg4+ 40. Kd2 Qg2+ 41. Kc3 Qxh2 42. Kb4 Qf4+ 43. Kxb5 h2 44. Qc7+ Kg8 45. Re1 Bd3+ 46. Kb6 Qf2+ 47. Kb7 Qg2 48. Rh1 Qxh1 49. Qc8+ Kf7 50. Qd7+ Kg6 51. Qg4+ Kh7 52. Qh5+ Kg8 53. Qe8+ 1/2-1/2

[Event "EYCC G10-ch 2024"]
[Site "Prague"]
[Date "2024.08.22"]
[Round "1.8"]
[White "Mauricova, Ivana"]
[Black "Ahmadli, Mehriban"]
[Result "0-1"]
[ECO "A48"]
[WhiteElo "1484"]
[BlackElo "1646"]
[Annotator "NA RC"]
[PlyCount "90"]
[EventDate "2024.08.19"]
[EventType "swiss"]
[EventCountry "CZE"]
[SourceTitle "playchess.com"]
[Source "ChessBase"]
[SourceQuality "1"]
[TimeControl "5400+30"]

1. d4 Nf6 2. Bf4 g6 3. Nf3 Bg7 4. e3 O-O 5. c3 d5 6. Nbd2 b6 7. Ng5 Nh5 8. Bg3 h6 9. Ngf3 c5 10. Be2 Bg4 11. O-O Nxg3 12. fxg3 h5 13. Rf2 Bh6 14. Nf1 Nd7 15. h3 Be6 16. Qd3 Nf6 17. b3 Ne4 18. c4 Nxf2 19. Kxf2 dxc4 20. bxc4 cxd4 21. exd4 Bf5 22. Qc3 Be4 23. Kg1 Bg7 24. Rd1 Rc8 25. N1d2 Bb7 26. Qe3 Qd6 27. Kh2 h4 28. Nxh4 Qxd4 29. Qg5 Bf6 30. Qh6 Bxh4 31. gxh4 Qe5+ 32. Kh1 Qxe2 33. Rg1 Qh5 34. Qf4 e5 35. Qg3 Rfd8 36. Nf3 Bxf3 37. gxf3 Rxc4 38. a3 Rxh4 39. Rg2 Rxh3+ 40. Rh2 Rxg3 41. Rxh5 gxh5 42. Kh2 Rxf3 43. a4 Ra3 44. Kg2 Rd2+ 45. Kh1 Ra1# 0-1

[Event "EYCC G10-ch 2024"]
[Site "Prague"]
[Date "2024.08.22"]
[Round "1.9"]
[White "Constantin-Ciuntu, Anne-Sophie"]
[Black "Szczurek, Julia"]
[Result "1-0"]
[ECO "C44"]
[WhiteElo "1641"]
[BlackElo "1471"]
[Annotator "NA RC"]
[PlyCount "117"]
[EventDate "2024.08.19"]
[EventType "swiss"]
[EventCountry "CZE"]
[SourceTitle "playchess.com"]
[Source "ChessBase"]
[SourceQuality "1"]
[TimeControl "5400+30"]

1. e4 e5 2. Nf3 Nc6 3. d4 exd4 4. Nxd4 Nf6 5. Nc3 Bb4 6. Nxc6 bxc6 7. Bd3 d5 8. exd5 cxd5 9. O-O O-O 10. Bg5 c6 11. a3 Bd6 12. h3 Be6 13. Qf3 c5 14. Bxf6 Qxf6 15. Qxf6 gxf6 16. f4 c4 17. Be2 d4 18. Ne4 Be7 19. f5 Bd5 20. Bf3 Bxe4 21. Bxe4 Rab8 22. Rab1 Bc5 23. Kh2 Rfe8 24. Bd5 Bd6+ 25. Kh1 Rbc8 26. Rbe1 Be5 27. b3 c3 28. Bc4 a5 29. Re4 Red8 30. a4 Rd6 31. g4 Kf8 32. Rfe1 Rd7 33. Kg2 Re7 34. Bb5 Rcc7 35. Kf3 Bd6 36. Rxe7 Rxe7 37. Rxe7 Kxe7 38. Ke4 Be5 39. Kd5 Kd8 40. Kc6 Bc7 41. Kc5 Be5 42. b4 axb4 43. Kxb4 Kc7 44. Kc5 Kb7 45. a5 Ka7 46. Kc6 Kb8 47. Kd7 Bf4 48. Ke7 Bg5 49. Kxf7 h6 50. Kg6 Ka7 51. Kh5 Bf4 52. h4 Bg3 53. g5 Bxh4 54. gxh6 Bg3 55. h7 Be5 56. h8=Q Kb7 57. Qg7+ Kc8 58. a6 Kb8 59. Qb7# 1-0

[Event "EYCC G10-ch 2024"]
[Site "Prague"]
[Date "2024.08.22"]
[Round "1.10"]
[White "Fire, Nesli"]
[Black "Anistoroaei, Maria"]
[Result "0-1"]
[ECO "B26"]
[WhiteElo "1461"]
[BlackElo "1627"]
[Annotator "NA RC"]
[PlyCount "58"]
[EventDate "2024.08.19"]
[EventType "swiss"]
[EventCountry "CZE"]
[SourceTitle "playchess.com"]
[Source "ChessBase"]
[SourceQuality "1"]
[TimeControl "5400+30"]

1. e4 c5 2. Nc3 Nc6 3. g3 g6 4. Bg2 Bg7 5. d3 d6 6. Be3 e6 7. Qd2 Nge7 8. Bg5 O-O 9. Nge2 b6 10. Bh6 Nd4 11. Bxg7 Kxg7 12. Nxd4 cxd4 13. Ne2 e5 14. h4 h5 15. Ng1 Bd7 16. Bh3 Rh8 17. f4 Ng8 18. Bxd7 Qxd7 19. f5 d5 20. Qg5 dxe4 21. fxg6 f6 22. Qd2 exd3 23. Qxd3 e4 24. Qd2 d3 25. O-O-O Qc6 26. c3 Rd8 27. Qe3 Qa4 28. Qf2 e3 29. Qg2 d2+ 0-1

[Event "EYCC G10-ch 2024"]
[Site "Prague"]
[Date "2024.08.22"]
[Round "1.11"]
[White "Serradell Munoz, Silvia"]
[Black "Sieczkowska, Hanna"]
[Result "1/2-1/2"]
[ECO "B43"]
[WhiteElo "1619"]
[BlackElo "1461"]
[Annotator "NA RC"]
[PlyCount "115"]
[EventDate "2024.08.19"]
[EventType "swiss"]
[EventCountry "CZE"]
[SourceTitle "playchess.com"]
[Source "ChessBase"]
[SourceQuality "1"]
[TimeControl "5400+30"]

1. e4 c5 2. Nf3 e6 3. d4 cxd4 4. Nxd4 a6 5. Nc3 b5 6. Bd3 Bb7 7. O-O Qb6 8. Nf3 Qc7 9. Be3 d6 10. Re1 Nd7 11. a3 Ngf6 12. h3 Be7 13. Nd4 O-O 14. Bg5 Rac8 15. Qe2 Rfd8 16. Rad1 Nc5 17. Qe3 Nxd3 18. Qxd3 Qc5 19. Be3 Qc4 20. f3 Nd7 21. Qxc4 Rxc4 22. Nb3 Rcc8 23. Na5 Ba8 24. Re2 Ne5 25. Red2 Rd7 26. Bf4 f6 27. Bxe5 fxe5 28. Na2 d5 29. exd5 exd5 30. Nc3 d4 31. Nb3 Bxa3 32. bxa3 Rxc3 33. Re1 Re7 34. Nxd4 Rxa3 35. Nf5 Re8 36. Rd7 g6 37. Nh6+ Kh8 38. Nf7+ Kg8 39. Ng5 h6 40. Nh7 Re6 41. Rd8+ Kxh7 42. Rxa8 Kg7 43. Rd1 Kf6 44. Rd7 Kg5 45. Rd5 b4 46. Rf8 Kh4 47. Kh2 Rc3 48. g3+ Kg5 49. f4+ Kh5 50. Rd2 exf4 51. Rxf4 b3 52. cxb3 Rxb3 53. Rh4+ Kg5 54. Rf2 h5 55. Ra4 Rb5 56. h4+ Kh6 57. Rfa2 Rbb6 58. R4a3 1/2-1/2

[Event "EYCC G10-ch 2024"]
[Site "Prague"]
[Date "2024.08.22"]
[Round "1.12"]
[White "Goralik, Zuzanna"]
[Black "Aragonda, Sahasra"]
[Result "0-1"]
[ECO "B27"]
[WhiteElo "1459"]
[BlackElo "1617"]
[Annotator "NA RC"]
[PlyCount "88"]
[EventDate "2024.08.19"]
[EventType "swiss"]
[EventCountry "CZE"]
[SourceTitle "playchess.com"]
[Source "ChessBase"]
[SourceQuality "1"]
[TimeControl "5400+30"]

1. e4 c5 2. Nf3 g6 3. d4 cxd4 4. Qxd4 Nf6 5. Nc3 Nc6 6. Qa4 d6 7. e5 Ng4 8. exd6 Qxd6 9. Bf4 Qb4 10. Bb5 Qxa4 11. Nxa4 Bg7 12. h3 Nf6 13. Ne5 Bd7 14. Nxd7 Nxd7 15. Rd1 Rc8 16. a3 a6 17. Be2 Nde5 18. Nc5 Nd4 19. Rxd4 Rxc5 20. Rd2 Nc4 21. Bxc4 Rxc4 22. Be3 Bxb2 23. Ke2 Bxa3 24. Rhd1 Rc8 25. Bb6 Bd6 26. Kf1 O-O 27. Rb1 Rc6 28. Ke2 Rfc8 29. Kd1 Kg7 30. g4 f6 31. Re2 Kf7 32. h4 Rc4 33. h5 Rxg4 34. hxg6+ hxg6 35. Rb3 Rg1+ 36. Kd2 Bf4+ 37. Kd3 Rg5 38. c4 Bd6 39. Rc2 Be5 40. Be3 Rh5 41. Rxb7 Rd8+ 42. Ke4 Rh3 43. Ra7 Bb8 44. Rxa6 f5# 0-1

[Event "EYCC G10-ch 2024"]
[Site "Prague"]
[Date "2024.08.22"]
[Round "1.13"]
[White "Slusarczyk, Agnieszka"]
[Black "Kovacikova, Simona"]
[Result "1-0"]
[ECO "E06"]
[WhiteElo "1614"]
[BlackElo "1459"]
[Annotator "NA RC"]
[PlyCount "95"]
[EventDate "2024.08.19"]
[EventType "swiss"]
[EventCountry "CZE"]
[SourceTitle "playchess.com"]
[Source "ChessBase"]
[SourceQuality "1"]
[TimeControl "5400+30"]

1. d4 d5 2. Nf3 Nf6 3. c4 e6 4. g3 Be7 5. Bg2 O-O 6. O-O Nc6 7. Nbd2 Re8 8. Qc2 a6 9. b3 Qd7 10. Bb2 dxc4 11. Nxc4 Bd6 12. Rfd1 Qe7 13. e4 Nd7 14. e5 Bb4 15. a3 Ba5 16. b4 Bb6 17. Rac1 f6 18. exf6 Nxf6 19. Nfe5 Nxe5 20. dxe5 Nd7 21. Nxb6 Nxb6 22. Qxc7 Qxc7 23. Rxc7 Rb8 24. f4 Na4 25. Bd4 Rd8 26. Rdc1 Rxd4 27. Rxc8+ Rxc8 28. Rxc8+ Kf7 29. Bxb7 Rd1+ 30. Kg2 Rd2+ 31. Kh3 Rd3 32. Bxa6 Rxa3 33. b5 Nb6 34. Rc7+ Ke8 35. Rxg7 h5 36. Kh4 Ra2 37. h3 Rh2 38. Bb7 Nd5 39. Bxd5 exd5 40. b6 Kd8 41. b7 Rb2 42. e6 d4 43. Rg8+ Kc7 44. b8=Q+ Rxb8 45. Rxb8 d3 46. e7 d2 47. e8=Q d1=Q 48. Qc8+ 1-0

[Event "EYCC G10-ch 2024"]
[Site "Prague"]
[Date "2024.08.22"]
[Round "1.14"]
[White "Matos, Maria Rita"]
[Black "Bhaumik, Mehr"]
[Result "0-1"]
[ECO "B90"]
[WhiteElo "1453"]
[BlackElo "1606"]
[Annotator "NA RC"]
[PlyCount "86"]
[EventDate "2024.08.19"]
[EventType "swiss"]
[EventCountry "CZE"]
[SourceTitle "playchess.com"]
[Source "ChessBase"]
[SourceQuality "1"]
[TimeControl "5400+30"]

1. e4 c5 2. Nf3 d6 3. d4 cxd4 4. Nxd4 Nf6 5. Nc3 a6 6. f3 e5 7. Nb3 Be7 8. Be3 b5 9. Qd2 Bb7 10. O-O-O Nbd7 11. Bd3 Nb6 12. a3 Nc4 13. Bxc4 bxc4 14. Na1 Bc6 15. Qe2 Bb5 16. Qf2 Bd7 17. Rhe1 Be6 18. g4 Nd7 19. Rg1 Rb8 20. Kb1 Qa5 21. Bd2 Qxa3 22. Bc1 Qxc3 23. Qd2 Qxd2 24. Bxd2 O-O 25. b3 cxb3 26. Nxb3 Nc5 27. Kb2 Nxb3 28. cxb3 Bxb3 29. Rc1 Bd1+ 30. Ka1 Bxf3 31. Rgf1 Bxe4 32. Rfe1 d5 33. Ka2 Rb7 34. Bc3 f6 35. Re2 Bd3 36. Rd2 Bc4+ 37. Ka1 Ba3 38. Rcd1 Rfb8 39. Rf2 d4 40. Ba5 Bb2+ 41. Kb1 Bc3+ 42. Kc1 Rb1+ 43. Kc2 R8b2# 0-1

[Event "EYCC G10-ch 2024"]
[Site "Prague"]
[Date "2024.08.23"]
[Round "2.1"]
[White "Bakhshi, Rana"]
[Black "Volani, Olga"]
[Result "1/2-1/2"]
[ECO "D31"]
[WhiteElo "1732"]
[BlackElo "1570"]
[Annotator "NA"]
[PlyCount "106"]
[EventDate "2024.08.19"]
[EventType "swiss"]
[EventCountry "CZE"]
[SourceTitle "playchess.com"]
[Source "ChessBase"]
[SourceQuality "1"]
[TimeControl "5400+30"]

1. d4 d5 2. c4 e6 3. Nc3 Be7 4. Nf3 Nf6 5. Bg5 O-O 6. cxd5 exd5 7. e3 c6 8. Bd3 h6 9. Bf4 Be6 10. Qc2 Nbd7 11. O-O-O c5 12. h3 c4 13. Be2 a6 14. g4 b5 15. g5 hxg5 16. Nxg5 b4 17. Nxe6 fxe6 18. Na4 Rc8 19. Kb1 Nb6 20. Rdg1 Rf7 21. Nxb6 Qxb6 22. Rg2 Bf8 23. h4 Qb7 24. h5 b3 25. axb3 Qxb3 26. Qxb3 cxb3 27. Bxa6 Ra8 28. Bd3 Rfa7 29. Kc1 Ra1+ 30. Bb1 Rc8+ 31. Kd2 Ne4+ 32. Ke2 Kf7 33. f3 Rxb1 34. Rxb1 Rc2+ 35. Kd3 Rxg2 36. fxe4 dxe4+ 37. Kxe4 Rc2 38. Bg3 Bb4 39. Kd3 Bd2 40. Be5 Bc1 41. e4 Bxb2 42. Rf1+ Kg8 43. Rg1 Rc3+ 44. Ke2 Rc2+ 45. Kf3 Rc3+ 46. Kg4 Rd3 47. Kf4 Bxd4 48. Rxg7+ Kh8 49. Bxd4 Rxd4 50. Rb7 Rd3 51. Ke5 Rh3 52. Kxe6 Rxh5 53. Rxb3 Rh6+ 1/2-1/2

[Event "EYCC G10-ch 2024"]
[Site "Prague"]
[Date "2024.08.23"]
[Round "2.2"]
[White "Macakova, Bianka"]
[Black "Chen, Yuefan"]
[Result "0-1"]
[ECO "B46"]
[WhiteElo "1568"]
[BlackElo "1682"]
[Annotator "NA"]
[PlyCount "104"]
[EventDate "2024.08.19"]
[EventType "swiss"]
[EventCountry "CZE"]
[SourceTitle "playchess.com"]
[Source "ChessBase"]
[SourceQuality "1"]
[TimeControl "5400+30"]

1. e4 c5 2. Nf3 e6 3. Nc3 a6 4. d4 cxd4 5. Nxd4 Nc6 6. Be3 Nf6 7. Be2 Bb4 8. O-O Bxc3 9. bxc3 Nxe4 10. Nxc6 bxc6 11. Bd4 O-O 12. Bd3 Nf6 13. f4 d6 14. Rf3 Qe7 15. c4 Bb7 16. Rh3 h6 17. g4 e5 18. fxe5 dxe5 19. Be3 Rad8 20. g5 Qe6 21. Rh4 hxg5 22. Bxg5 e4 23. Bxf6 Qxf6 24. Qh5 Qxa1+ 25. Kg2 f6 26. Bxe4 Rd2+ 27. Kg3 Qe5+ 28. Kf3 Qxh5+ 29. Rxh5 Rd4 30. Ke3 Rxc4 31. Bf5 Bc8 32. Kd3 Ra4 33. Be4 Bd7 34. Rh4 Rxa2 35. Kc3 Ra3+ 36. Kb2 Rh3 37. Rxh3 Bxh3 38. Bxc6 Rd8 39. c4 Be6 40. Kc3 Rc8 41. Bb7 Rxc4+ 42. Kd3 Ra4 43. Bc6 Ra2 44. h4 Rh2 45. Ke3 Rxh4 46. Be8 a5 47. Kf3 a4 48. Bxa4 Rxa4 49. Kg3 g5 50. Kf3 g4+ 51. Kg3 Ra3+ 52. Kh4 Rh3# 0-1

[Event "EYCC G10-ch 2024"]
[Site "Prague"]
[Date "2024.08.23"]
[Round "2.3"]
[White "Hatuk, Neris"]
[Black "Milojevic, Dunja"]
[Result "1/2-1/2"]
[ECO "B22"]
[WhiteElo "1671"]
[BlackElo "1568"]
[Annotator "NA"]
[PlyCount "150"]
[EventDate "2024.08.19"]
[EventType "swiss"]
[EventCountry "CZE"]
[SourceTitle "playchess.com"]
[Source "ChessBase"]
[SourceQuality "1"]
[TimeControl "5400+30"]

1. e4 c5 2. c3 Nf6 3. e5 Nd5 4. d4 cxd4 5. Nf3 e6 6. cxd4 d6 7. Bc4 Be7 8. Bxd5 exd5 9. Nc3 Be6 10. O-O O-O 11. h3 Nc6 12. Bf4 dxe5 13. Nxe5 Rc8 14. Re1 Nxe5 15. Bxe5 Bf6 16. Bg3 Qb6 17. Be5 Bxe5 18. Rxe5 Qxb2 19. Nxd5 Rc2 20. Rb1 Rd2 21. Rxb2 Rxd1+ 22. Kh2 Rxd4 23. Ne7+ Kh8 24. Rxb7 Ra4 25. Reb5 g6 26. Rb2 Bxa2 27. Rc2 Rd8 28. Rcc7 Rd2 29. Kg3 Ra3+ 30. f3 Re3 31. Kf4 Red3 32. Rxa7 Rxg2 33. Ra6 g5+ 34. Ke4 Rd8 35. Kf5 Kg7 36. Rb6 Be6+ 37. Rxe6 fxe6+ 38. Kxe6 Re8 39. Kf5 Rf8+ 40. Ke4 Rf4+ 41. Ke3 Rf7 42. Nf5+ Kf6 43. Rxf7+ Kxf7 44. Nd6+ Ke6 45. Ne4 h6 46. f4 Kf5 47. Kf3 Rh2 48. Ng3+ Kg6 49. fxg5 Kxg5 50. Ne4+ Kh4 51. Nf2 h5 52. Ke3 Kg3 53. Ne4+ Kxh3 54. Ng5+ Kg4 55. Ne4 Rh3+ 56. Ke2 Kf4 57. Nf2 Re3+ 58. Kf1 h4 59. Kg2 Rg3+ 60. Kh2 Kf3 61. Nd3 Rg8 62. Kh3 Rh8 63. Ne5+ Ke4 64. Nf7 Rf8 65. Ng5+ Kf5 66. Nf3 Kf4 67. Nd4 Rg8 68. Ne2+ Ke3 69. Nc3 Kd3 70. Nd5 Rh8 71. Nf4+ Ke4 72. Ne2 Kf3 73. Nd4+ Kf2 74. Nf5 Kf3 75. Nd4+ Ke4 1/2-1/2

[Event "EYCC G10-ch 2024"]
[Site "Prague"]
[Date "2024.08.23"]
[Round "2.4"]
[White "Ahmadli, Mehriban"]
[Black "Jaksa, Ema"]
[Result "1-0"]
[ECO "C88"]
[WhiteElo "1646"]
[BlackElo "1551"]
[Annotator "NA RC"]
[PlyCount "89"]
[EventDate "2024.08.19"]
[EventType "swiss"]
[EventCountry "CZE"]
[SourceTitle "playchess.com"]
[Source "ChessBase"]
[SourceQuality "1"]
[TimeControl "5400+30"]

1. e4 e5 2. Nf3 Nc6 3. Bb5 a6 4. Ba4 Nf6 5. O-O Be7 6. Re1 b5 7. Bb3 d6 8. h3 Na5 9. c3 Nxb3 10. Qxb3 c5 11. d4 Qc7 12. Nbd2 Be6 13. d5 Bd7 14. Nf1 O-O 15. Bg5 h6 16. Bxf6 Bxf6 17. Ng3 Be7 18. a3 f5 19. exf5 Bxf5 20. Nxf5 Rxf5 21. c4 Rb8 22. cxb5 axb5 23. Rac1 c4 24. Qc3 Rbf8 25. a4 Qd7 26. Kh2 Bg5 27. Nxg5 Rxg5 28. f3 Qf5 29. Qe3 Rf6 30. axb5 h5 31. Qe4 Qd7 32. Qxc4 Qf7 33. b6 Rxf3 34. gxf3 Qxf3 35. Qf1 Qg3+ 36. Kh1 Qb3 37. Rc3 Qxd5+ 38. Qf3 Qe6 39. Rf1 Qg6 40. Qf7+ Qxf7 41. Rc8+ Kh7 42. Rxf7 e4 43. b7 e3 44. b8=Q e2 45. Re7 1-0

[Event "EYCC G10-ch 2024"]
[Site "Prague"]
[Date "2024.08.23"]
[Round "2.5"]
[White "Bjerregaard Hagen, Frida"]
[Black "Constantin-Ciuntu, Anne-Sophie"]
[Result "1-0"]
[ECO "D02"]
[WhiteElo "1556"]
[BlackElo "1641"]
[Annotator "NA"]
[PlyCount "111"]
[EventDate "2024.08.19"]
[EventType "swiss"]
[EventCountry "CZE"]
[SourceTitle "playchess.com"]
[Source "ChessBase"]
[SourceQuality "1"]
[TimeControl "5400+30"]

1. d4 d5 2. Nf3 e6 3. e3 c6 4. Be2 Bd6 5. O-O f5 6. b3 Nf6 7. Ba3 O-O 8. Bxd6 Qxd6 9. c4 Nbd7 10. Nc3 Ne4 11. Qc2 Qe7 12. Nd2 Qg5 13. f4 Qg6 14. Rf3 Rf6 15. Ndxe4 fxe4 16. Rg3 Qf7 17. Rf1 Nf8 18. Nd1 h5 19. h4 Kh8 20. Nf2 g6 21. Nh3 Nh7 22. Ng5 Nxg5 23. hxg5 Rf5 24. Rh3 Qe8 25. g4 Rf8 26. Rh2 Kg7 27. gxh5 Rh8 28. h6+ Kh7 29. b4 a6 30. cxd5 exd5 31. Qc5 Qd8 32. Rff2 Bf5 33. Rfg2 Qd7 34. Rh4 Rhf8 35. Bg4 Qc7 36. a4 Rf7 37. Kh2 Rff8 38. Rc2 Bxg4 39. Rxg4 Qd7 40. Rg3 Rf7 41. Rg1 Rc8 42. b5 axb5 43. axb5 Rff8 44. Rb2 cxb5 45. Qxb5 Rc2+ 46. Kg3 Qxb5 47. Rxb5 Rd8 48. Rxb7+ Kh8 49. Rg7 Rg8 50. Rd7 Rgc8 51. f5 Rg8 52. Ra1 Rcc8 53. Raa7 Rge8 54. Rh7+ Kg8 55. Rag7+ Kf8 56. Rh8# 1-0